 Dungeon Crawl Stone Soup version 0.27-a0-1119-gbf574a6a6b (webtiles) character file.

Game seed: 17998673408418750688

13 Zeld the Skirmisher (level 2, -2/21 HPs)
             Began as an Octopode Fighter on May 2, 2021.
             Slain by a kobold
             ... wielding a +1 short sword of flaming
              (3 damage)
             ... on level 2 of the Dungeon.
             The game lasted 00:00:43 (832 turns).

Zeld the Skirmisher (Octopode Fighter)               Turns: 832, Time: 00:00:44

Health: -2/21      AC:  1    Str: 15    XL:     2   Next: 37%
Magic:  2/2        EV: 11    Int: 10    God:
Gold:   70         SH:  8    Dex: 11    Spells: 1/1 levels left

rFire    . . .     SeeInvis .   a - +0 war axe
rCold    . . .     Faith    .   b - +0 kite shield
rNeg     . . .     Spirit   .   (helmet restricted)
rPois    .         Reflect  .   (no amulet)
rElec    .         Harm     .   (no ring)
rCorr    .         Rampage  .   (no ring)
Will     .....                  (no ring)
Stlth    ++........             (no ring)
HPRegen  0.07/turn              (no ring)
MPRegen  0.08/turn              (no ring)
                                (no ring)
                                (no ring)

@: no status effects
A: almost no armour, amphibious, 8 rings, camouflage 1, gelatinous body 1,
(nimble swimmer 1), tentacles
a: no special abilities


You were on level 2 of the Dungeon.
You visited 1 branch of the dungeon, and saw 2 of its levels.

You collected 70 gold pieces.

Inventory:

Hand Weapons
 a - a +0 war axe (weapon)
Armour
 b - a +0 kite shield (worn)
Scrolls
 d - a scroll of immolation {unknown}
 e - a scroll of identify {unknown}
 f - a scroll of torment {unknown}
 h - a scroll of enchant weapon {unknown}
 i - a scroll of blinking {unknown}
Potions
 c - a potion of might
 g - a potion of lignification {unknown}


   Skills:
 * Level 3.2 Fighting
 * Level 2.3 Axes
 - Level 3.0 Dodging
 * Level 3.2 Shields


You had one spell level left.
You didn't know any spells.
Your spell library was empty.

Dungeon Overview and Level Annotations

Branches:
Dungeon (2/15)

Altars:


Innate Abilities, Weirdness & Mutations

You cannot wear most types of armour.
You are amphibious.
You can wear up to eight rings at the same time.
Your skin changes colour to match your surroundings (Stealth+).
Your rubbery body absorbs attacks. (AC +1, EV +1)
((You are camouflaged near water. (Stealth+)))
You have tentacles for arms and can constrict up to eight enemies at once.


Message History

You block the bat's attack.
The frilled lizard moves out of view.
Found an escape hatch in the floor.
You slash the bat!
You kill the bat!
The frilled lizard bites you but does no damage.
You barely miss the frilled lizard. Your grab misses the frilled lizard.
The frilled lizard bites you but does no damage.
You block the frilled lizard's attack. The kobold closely misses you.
You barely miss the kobold. Your grab misses the kobold.
You closely miss the frilled lizard.
The kobold hits you with a +1 short sword of flaming.
The kobold burns you.
The frilled lizard bites you but does no damage.
You closely miss the kobold. Your grab misses the kobold.
Your squeeze misses the kobold. You hit the frilled lizard.
You kill the frilled lizard!
The kobold hits you with a +1 short sword of flaming.
The kobold burns you. The kobold barely misses you.
The kobold closely misses you.
You are too injured to fight recklessly!
You are too injured to fight recklessly!
You hit the kobold but do no damage. Your grab misses the kobold.
The kobold closely misses you. You block the kobold's attack.
You closely miss the kobold. Your grab misses the kobold.
The kobold hits you with a +1 short sword of flaming.
* * * LOW HITPOINT WARNING * * *
The kobold burns you.
* * * LOW HITPOINT WARNING * * *
A goblin comes into view. It is wielding a +0 dagger.
Unknown command.
Press: ? - help, v - describe, . - travel
Here: a kobold, wielding a +1 short sword of flaming The floor.
You hit the kobold but do no damage. Your grab misses the kobold.
The kobold hits you with a +1 short sword of flaming.
* * * LOW HITPOINT WARNING * * *
The kobold burns you.
* * * LOW HITPOINT WARNING * * *
The kobold hits you with a +1 short sword of flaming.
You die...

..........#
.........#
###..>....###
............
#......)#
#...†...##.##
#........g...
###########.#...###.
.......<@K......#
.##########.#......
#.#....## #.#....#
.#.....# # #.####


You could see a kobold.

Vanquished Creatures
  A giant cockroach (D:1)
  A goblin (D:1)
  2 jackals (D:1)
  2 kobolds (D:1)
  A ball python (D:1)
  A bat (D:2)
  2 frilled lizards
  3 rats (D:1)
13 creatures vanquished.

Notes
Turn   | Place    | Note
-------+----------+-------------------------------------------
     0 | D:1      | Zeld the Octopode Fighter began the quest for the Orb.
     0 | D:1      | Reached XP level 1. HP: 16/16 MP: 1/1
   312 | D:1      | Reached XP level 2. HP: 21/21 MP: 2/2
   832 | D:2      | HP: 1/21 [kobold/+1 short sword of flaming (1)]
   832 | D:2      | Slain by a kobold

Illustrated notes

Levels and vault maps discovered:
D:1:      nzn_arrival_settlement, layout_loops_ring, serial_forest,
          infiniplex_forest_pool, infiniplex_forest_clump_cross,
          infiniplex_forest_clump_diagonal, infiniplex_forest_clump_large,
          infiniplex_forest_fountain, infiniplex_forest_zigzag_1,
          infiniplex_forest_end_1
D:2:      layout_loops_ring, kennysheep_generic_room_7

Action                   || total
-------------------------++-------
Melee: War axe           ||    24
       Constrict         ||     4
       Tentacles         ||     2
 Stab: Sleeping          ||     3
Armor: Skin              ||     4
Dodge: Dodged            ||    13
Block: Kite shield       ||     7

Table legend: (Time is in decaauts)
 A = Elapsed time spent in this place.
 B = Non-inter-level travel time spent in this place.
 C = Inter-level travel time spent in this place.
 D = Time resting spent in this place.
 E = Time spent auto-exploring this place.
 F = Levels seen in this place.
 G = Mean time per level.
                   A        B        C        D        E       F      G
               +--------+--------+--------+--------+--------+-----+--------+
         Total |    846 |    836 |     10 |      0 |    744 |   2 |  423.0 |
       Dungeon |    846 |    836 |     10 |      0 |    744 |   2 |  423.0 |
               +--------+--------+--------+--------+--------+-----+--------+

Top non-repeatable levels by time:
     D:1: 825 daAuts
     D:2: 20 daAuts
